 Dungeon Crawl Stone Soup version 0.28.0-53-g5a82cb258f (webtiles) character file.

Game seed: 9415553620924025348

1795 raph the Ruffian (level 8, 0/60 HPs)
             Began as a Purple Draconian Transmuter on July 16, 2022.
             Was a Follower of Hepliaklqana.
             Slain by Joseph
             ... wielding a +0 quarterstaff
              (12 damage)
             ... on level 7 of the Dungeon.
             The game lasted 00:10:38 (8391 turns).

raph the Ruffian (Purple Draconian Transmuter)      Turns: 8391, Time: 00:10:39

Health: 0/60       AC:  2    Str: 13    XL:     8   Next: 83%
Magic:  16/24      EV: 21    Int: 15    God:    Hepliaklqana [*.....]
Gold:   392        SH:  0    Dex: 17    Spells: 3/17 levels left

rFire   . . .      SeeInvis .     - Unarmed
rCold   . . .      Faith    .   (shield currently unavailable)
rNeg    . . .      Spirit   .   (armour unavailable)
rPois   x          Reflect  .   (helmet currently unavailable)
rElec   .          Harm     .   (cloak currently unavailable)
rCorr   .          Rampage  .   (gloves currently unavailable)
Will    +....                   (boots currently unavailable)
Stlth   ++........              (no amulet)
HPRegen 0.20/turn               f - ring of magical power
MPRegen 0.19/turn               (no ring)

@: spider-form, very slightly contaminated
A: venomous fangs, reduced essence, (breathe power), AC +6, tiny, unfitting
armour, (cold-blooded)
a: End Transformation, Renounce Religion, Recall Ancestor, Ancestor Identity


You were on level 7 of the Dungeon.
You worshipped Hepliaklqana.
Hepliaklqana was aware of your devotion.
You were a venomous arachnid creature.
You visited 2 branches of the dungeon, and saw 8 of its levels.

You collected 392 gold pieces.

Inventory:

Missiles
 j - 3 poisoned darts
Armour
 e - a +0 cloak (melded)
Jewellery
 f - a ring of magical power (left front leg)
 p - a ring of ice
 q - a ring of wizardry
Wands
 d - a wand of flame (32)
Scrolls
 k - a scroll of fog
 l - a scroll of teleportation
 n - 2 scrolls of blinking
 o - a scroll of identify
Potions
 a - 3 potions of curing
 b - a potion of might
 c - a potion of heal wounds {unknown}
 g - a potion of degeneration
 h - a potion of invisibility
 i - a potion of attraction {unknown}
 m - a potion of brilliance {unknown}


   Skills:
 + Level 4.4 Fighting
 + Level 4.1 Dodging
 * Level 6.5 Unarmed Combat
 + Level 5.0 Spellcasting
 * Level 6.1 Transmutations
 + Level 2.2 Ice Magic
 - Level 2.0 Poison Magic


You had 3 spell levels left.
You knew the following spells:

 Your Spells              Type           Power      Damage    Failure   Level
a - Beastly Appendage     Tmut           44%        N/A       6%          1
b - Wereblood             Tmut           22%        N/A       8%          2
c - Spider Form           Tmut/Pois      16%        N/A       22%         3
d - Poisonous Vapours     Pois/Air       12%        N/A       34%         2
e - Passwall              Tmut/Erth      10%        N/A       19%         2
f - Ice Form              Ice/Tmut       16%        N/A       50%         4

Your spell library contained the following spells:

 Spells                   Type           Power      Damage    Failure   Level
 Sandblast                Erth           6%         2d5       34%         1
 Frozen Ramparts          Ice            20%        1d4       38%         3
 Corpse Rot               Necr/Air       6%         N/A       45%         2
 Gell's Gravitas          Tloc           3%         N/A       65%         3
 Lesser Beckoning         Tloc           3%         N/A       65%         3
 Stone Arrow              Conj/Erth      6%         3d7       65%         3
 Summon Guardian Golem    Hex/Summ       3%         N/A       65%         3
 Teleport Other           Tloc           3%         N/A       65%         3
 Summon Ice Beast         Ice/Summ       7%         N/A       87%         4
 Leda's Liquefaction      Hex/Erth       1%         N/A       95%         4
 Lee's Rapid Deconstruct  Erth           1%         3d5*      100%        5
 Statue Form              Tmut/Erth      8%         N/A       100%        6
 Orb of Destruction       Conj           1%         9d5       100%        7
 Spellforged Servitor     Conj/Summ      1%         N/A       100%        7


Dungeon Overview and Level Annotations

Branches:
Dungeon (7/15)             Temple (1/1) D:4

Altars:
Ashenzari
Dithmenos
Elyvilon
Fedhas
Gozag
Hepliaklqana
Kikubaaqudgha
Makhleb
Nemelex Xobeh
Okawaru
Qazlal
Ru
Sif Muna
Trog
Uskayaw
Vehumet
Wu Jian
Xom
Yredelemnul
Zin
The Shining One

Shops:
D:4 (

Annotations:
D:4 1 runed translucent door, diceflayer's ghost, amateur OpFi
D:7 Joseph


Innate Abilities, Weirdness & Mutations

You are a venomous arachnid creature.
You have poisonous fangs.
You are tiny and dextrous.
Your spellcasting is less reliable in this form.
Your armour is entirely melded.
You are incapable of wielding weapons or throwing items.
Your life essence is reduced to manifest your ancestor. (-10% HP)
((You can breathe bolts of dispelling energy.))
((Your rich purple scales are hard. (AC +6)))
You cannot fit into any form of body armour.
((You are cold-blooded and may be slowed by cold attacks.))


Message History

You climb downwards.
Level annotation: Joseph
There is a stone staircase leading up here.
Joseph shoots a sling bullet.
The sling bullet hits you!
Joseph shoots a sling bullet.
The sling bullet hits you!
Joseph zaps a wand.
You resist with almost no effort.
Casting: Spider Form (dangerous; 9% risk of failure)
Confirm with . or Enter, or press ? or * to list all spells.
You miscast Spider Form.
You are very lightly contaminated with residual magic.
Strange energies run through your body.
Joseph shoots a sling bullet.
The sling bullet hits you!
You hit Joseph.
Joseph is lightly wounded.
Joseph zaps a wand.
You resist with almost no effort.
Casting: Spider Form (dangerous; 9% risk of failure)
Confirm with . or Enter, or press ? or * to list all spells.
You miscast Spider Form.
Nothing appears to happen.
Kendra hits Joseph but does no damage.
Joseph zaps a wand.
You resist with almost no effort.
Casting: Spider Form (dangerous; 9% risk of failure)
Confirm with . or Enter, or press ? or * to list all spells.
You turn into a venomous arachnid creature.
Your +0 cloak melds into your body.
Kendra barely misses Joseph.
Joseph unwields a +0 hunting sling.
Joseph wields a +0 quarterstaff.
Joseph hits you with a +0 quarterstaff!
* * * LOW HITPOINT WARNING * * *
You barely miss Joseph.
Joseph is lightly wounded.
Kendra completely misses Joseph.
You bite Joseph!
Joseph is poisoned.
Joseph is lightly wounded.
Joseph closely misses you.
Kendra hits Joseph.
You hit Joseph.
Joseph looks as sick as possible!
Joseph is moderately wounded.
Joseph zaps a wand.
You resist with almost no effort.
You bite Joseph!
Joseph looks as sick as possible!
Joseph is heavily wounded.
Kendra hits Joseph.
Joseph hits you with a +0 quarterstaff!
You die...

#.##.....# #.##....#
#.##.##.#
#######.......## #++#
#..............# ##..#
#........#.##..#
..#.######....(...#..#.>#
..................##<#..#
..#.######.....@s.......#
###.# #......R###.####
#.# #......># #.# #.#
######### #.# #.. #.# ###
#.# #.# ..#


You could see the friendly Kendra the ancestor and Joseph (extremely poisoned,
ally target).

Vanquished Creatures
  Pikel (D:4)
  A wyvern (D:5)
  A black bear (D:6)
  A phantom (D:3)
  3 lemures
  A scorpion (D:6)
  A howler monkey (D:5)
  2 hounds
  2 jellies
  An orc priest (D:4)
  5 iguanas
  Natasha (thrice) (D:2)
  An orc wizard (D:4)
  A howler monkey zombie (D:6)
  Robin (D:2)
  5 adders
  An ufetubus (D:3)
  3 worms
  3 dart slugs
  8 orcs (D:4)
  6 ball pythons
  10 endoplasms
  2 giant cockroaches
  19 goblins
  7 hobgoblins
  10 jackals
  2 quokkas (D:2)
  8 bats
  2 frilled lizards
  7 kobolds
  3 rats
121 creatures vanquished.

Vanquished Creatures (collateral kills)
  Prince Ribbit (D:5)
  Duvessa (D:5)
  Dowan (D:5)
  A hound (D:5)
4 creatures vanquished.

Grand Total: 125 creatures vanquished

Notes
Turn   | Place    | Note
-------+----------+-------------------------------------------
     0 | D:1      | raph the Draconian Transmuter began the quest for the Orb.
     0 | D:1      | Reached XP level 1. HP: 16/16 MP: 3/3
   317 | D:1      | Reached XP level 2. HP: 15/23 MP: 5/5
   577 | D:1      | Learned a level 2 spell: Wereblood
   854 | D:2      | Reached XP level 3. HP: 28/28 MP: 4/6
  1040 | D:2      | Noticed Natasha
  1054 | D:2      | Noticed Robin
  1066 | D:2      | Killed Natasha
  1067 | D:2      | Reached XP level 4. HP: 23/36 MP: 4/7
  1373 | D:2      | Learned a level 3 spell: Spider Form
  1388 | D:2      | Noticed Natasha
  1397 | D:2      | Killed Natasha
  1411 | D:2      | Noticed Natasha
  1419 | D:2      | Killed Natasha
  1649 | D:2      | Killed Robin
  1650 | D:2      | Reached XP level 5. HP: 37/41 MP: 5/8
  1881 | D:2      | Learned a level 2 spell: Poisonous Vapours
  1953 | D:2      | Found a faded altar of an unknown god.
  2776 | D:3      | Noticed a phantom
  2795 | D:3      | Killed a phantom
  2796 | D:3      | Reached XP level 6. HP: 29/50 MP: 10/10
  3980 | D:4      | Learned a level 2 spell: Passwall
  4188 | D:4      | Reached skill level 1 in Poison Magic
  4399 | D:4      | Found Dihedema's Antique Weapon Shoppe.
  4581 | D:4      | Found a runed translucent door.
  4581 | D:4      | Noticed diceflayer's ghost (amateur OpFi)
  4621 | D:4      | Found a staircase to the Ecumenical Temple.
  4633 | Temple   | Entered the Ecumenical Temple
  4863 | Temple   | Became a worshipper of Hepliaklqana the Forgotten
  5030 | D:5      | Entered Level 5 of the Dungeon
  5030 | D:5      | Noticed Pikel
  5751 | D:4      | Killed Pikel
  5752 | D:4      | Reached skill level 5 in Unarmed Combat
  5752 | D:4      | Your scales start taking on a rich purple colour.
  5752 | D:4      | Reached XP level 7. HP: 21/57 MP: 13/13
  5967 | D:4      | Learned a level 4 spell: Ice Form
  5994 | D:5      | Noticed a wyvern
  6002 | D:5      | Killed a wyvern
  6003 | D:5      | Reached skill level 5 in Transmutations
  6003 | D:5      | Reached XP level 8. HP: 59/66 MP: 14/14
  6483 | D:4      | Reached skill level 1 in Ice Magic
  6621 | D:5      | Noticed Prince Ribbit
  6625 | D:5      | Noticed Duvessa
  6632 | D:5      | Noticed Dowan
  6635 | D:5      | Killed Prince Ribbit
  6641 | D:5      | Killed Duvessa
  6643 | D:5      | Killed Dowan
  7785 | D:6      | Reached skill level 5 in Spellcasting
  7845 | D:6      | Reached * piety under Hepliaklqana
  7899 | D:7      | Noticed Joseph
  8391 | D:7      | Slain by Joseph

Illustrated notes

Levels and vault maps discovered:
D:1:      dpeg_arrival_more_subterranean_lakeside_camping, layout_loops_ring
D:2:      layout_loops_cross, hellmonk_ecumenical_altar_blasted, uniq_natasha,
          uniq_robin
D:3:      layout_basic
D:4:      layout_rooms, minmay_temple_entry_offerings, gammafunk_ghost_grave,
          serial_shops, shop
D:5:      layout_rooms, uniq_prince_ribbit1, uniq_pikel, uniq_duvessa
D:6:      layout_loops_cross
D:7:      kennysheep_big_flooded_room, layout_loops_cross,
          chequers_decorated_corner, uniq_joseph
Temple:   mainiacjoe_temple_archimedes_tessellation

Skill      XL: |  1  2  3  4  5  6  7  8 |
---------------+-------------------------+-----
Dodging        | 2 3 4 |  4.1
Transmutations | 3 4 5 6 |  6.1
Fighting       | 2 3 4 |  4.4
Unarmed Combat | 4 5 6 |  6.5
Poison Magic   | 2 |  2.0
Spellcasting   | 4 5 |  5.0
Ice Magic      | 2 |  2.2

Action                   |  1- 3 |  4- 6 |  7- 9 || total
-------------------------+-------+-------+-------++-------
Melee: Unarmed           |    80 |   214 |    79 ||   373
       Tailslap          |     7 |    15 |     3 ||    25
       Kick              |    12 |    30 |     7 ||    49
       Headbutt          |     4 |    14 |     1 ||    19
       Punch             |     1 |     1 |     1 ||     3
 Cast: Beastly Appendage |    18 |    18 |     3 ||    39
       Wereblood         |     2 |     3 |       ||     5
       Spider Form       |       |    21 |    12 ||    33
 Abil: Breathe Dispellin |       |       |     1 ||     1
Evoke: Wand              |       |     3 |       ||     3
  Use: Scroll            |       |     3 |     6 ||     9
Armor: Skin              |    30 |    65 |     9 ||   104
Dodge: Dodged            |    50 |   180 |    83 ||   313
